 Dungeon Crawl Stone Soup version 0.27-a0-538-g15ff5c5295 (webtiles) character file.

Game seed: 5408471677362778249

410 Olololo the Covered (level 6, 0/39 HPs)
             Began as a Gargoyle Fighter on Mar 6, 2021.
             Killed by nerve-wracking pain
             ... invoked by an orc priest
              (3 damage)
             ... on level 3 of the Dungeon.
             The game lasted 00:09:41 (2583 turns).

Olololo the Covered (Gargoyle Fighter)              Turns: 2583, Time: 00:09:41

Health: 0/39       AC: 15    Str: 22    XL:     6   Next: 89%
Magic:  6/6        EV:  5    Int:  8    God:
Gold:   183        SH: 10    Dex: 15    Spells: 4/5 levels left

rFire    . . .     SeeInvis .   a - +0 flail
rCold    . . .     Faith    .   c - +0 kite shield
rNeg     + . .     Spirit   .   h - +0 chain mail
rPois    ∞         Reflect  .   f - +0 helmet
rElec    +         Harm     .   (no cloak)
rCorr    .         Rampage  .   (no gloves)
Will     .....                  (no boots)
Stlth    ..........             (no amulet)
HPRegen  0.13/turn              g - +6 ring of dexterity
MPRegen  0.10/turn              (no ring)

@: mighty
A: negative energy resistance 1, electricity resistance, torment resistance 1,
unbreathing 1, petrification resistance, AC +4
a: no special abilities


You were on level 3 of the Dungeon.
You visited 1 branch of the dungeon, and saw 3 of its levels.

You collected 183 gold pieces.

Inventory:

Hand Weapons
 a - a +0 flail (weapon)
Armour
 c - a +0 kite shield (worn)
 f - a +0 helmet (worn)
 h - a +0 chain mail (worn)
Jewellery
 g - a +6 ring of dexterity (left hand)
 p - a ring of magical power
Scrolls
 e - 5 scrolls of amnesia
 k - 2 scrolls of fear {unknown}
 l - 5 scrolls of teleportation {unknown}
 m - 2 scrolls of identify
 o - 3 scrolls of noise {unknown}
Potions
 b - a potion of attraction {unknown}
 d - a potion of might
 i - a potion of brilliance {unknown}
 j - 2 potions of mutation {unknown}
 n - a potion of heal wounds {unknown}


   Skills:
 + Level 4.7 Fighting
 * Level 4.7 Maces & Flails
 + Level 4.7 Armour
 + Level 4.6 Shields


You had 4 spell levels left.
You knew the following spells:

 Your Spells              Type           Power      Damage    Failure   Level
a - Apportation           Tloc           0%         N/A       100%        1

Your spell library contained the following spells:

 Spells                   Type           Power      Damage    Failure   Level
 Animate Skeleton         Necr           0%         N/A       100%        1
 Corona                   Hex            0%         N/A       100%        1
 Summon Small Mammal      Summ           0%         N/A       100%        1


Dungeon Overview and Level Annotations

Branches:
Dungeon (3/15)

Altars:


Innate Abilities, Weirdness & Mutations

Your stone body is resilient. (AC +4)
You are immune to poison.
You resist negative energy. (rN+)
You are resistant to electric shocks. (rElec)
You are resistance to unholy torment.
You can survive without breathing.
You are immune to petrification.


Message History

You block the orc's attack. x2; The orc hits you but does no damage.
You closely miss the orc wizard.
The orc wizard is heavily wounded.
The orc wizard hits you with a +0 dagger.
You block the orc's attack. The orc barely misses you. The orc hits you.
The orc wizard hits you but does no damage.
The orc hits you but does no damage. The orc closely misses you.
You sock the orc wizard!
You kill the orc wizard!
You block the orc's attack. x2; The orc barely misses you.
The orc priest hits you with a +0 whip.
You hit the orc priest but do no damage.
The orc hits you. The orc hits you but does no damage. x2
The orc priest hits you but does no damage.
You block the orc's attack.
You hit the orc priest.
The orc priest is heavily wounded.
The orc hits you but does no damage. x2
The orc priest mumbles some strange prayers to Beogh against you.
Beogh smites you! The orc hits you but does no damage.
You block the orc's attack.
You sock the orc priest!
The orc priest is almost dead.
The orc hits you with a +0 club.
The orc priest invokes the aid of Beogh against you.
Pain shoots through your body!
* * * LOW HITPOINT WARNING * * *
The orc hits you.
* * * LOW HITPOINT WARNING * * *
The orc hits you but does no damage.
The orc priest calls down the wrath of Beogh upon you.
Pain shoots through your body!
* * * LOW HITPOINT WARNING * * *
The orc hits you but does no damage. The orc hits you with a +0 club.
* * * LOW HITPOINT WARNING * * *
You feel very mighty all of a sudden. You block the orc's attack.
The orc priest mumbles some strange prayers to Beogh against you.
Pain shoots through your body!
You die...

#.# ##########.####
#..)..........#
#.########....#
###.#...........[
#####...#.######....#
...#...#.# #........
###o#...#.# #.##....#
#..o@o..#.# #.##....#
#.#o#...#.# #.##....#
#.......# #.##....#
###...### #>.......
##### #.##....#
#######.##....#
#......#.#######
#......#........
#..............#


You could see an orc priest and 3 orcs.

Vanquished Creatures
  2 bullfrogs (D:3)
  2 orc priests (D:3)
  An orc wizard (D:3)
  6 gnolls (D:3)
  7 adders
  2 oozes
  A worm (D:3)
  A dart slug (D:2)
  10 orcs (D:3)
  2 giant cockroaches
  3 goblins (D:2)
  3 hobgoblins
  4 jackals (D:2)
  5 bats
  4 frilled lizards
  8 kobolds
  10 rats
71 creatures vanquished.

Notes
Turn   | Place    | Note
-------+----------+-------------------------------------------
     0 | D:1      | Olololo the Gargoyle Fighter began the quest for the Orb.
     0 | D:1      | Reached XP level 1. HP: 14/14 MP: 1/1
   232 | D:1      | Reached XP level 2. HP: 18/19 MP: 2/2
   603 | D:2      | Reached XP level 3. HP: 22/23 MP: 3/3
   843 | D:2      | Reached XP level 4. HP: 29/29 MP: 4/4
  1593 | D:3      | Noticed a bullfrog
  1610 | D:3      | Killed a bullfrog
  1611 | D:3      | Reached XP level 5. HP: 25/33 MP: 5/5
  1707 | D:3      | Learned a level 1 spell: Apportation
  1849 | D:3      | Reached XP level 6. HP: 30/39 MP: 6/6
  2583 | D:3      | Killed from afar by an orc priest

Illustrated notes

Levels and vault maps discovered:
D:1:      scummos_arrival_hexagon, layout_rooms, serial_bayou_pond_a
D:2:      layout_loops_ring, minivault_14
D:3:      layout_basic, okawaru_altar_gauntlet_db

Skill      XL: |  1  2  3  4  5 |
---------------+----------------+-----
Maces & Flails | 3 4 |  4.7
Fighting       | 4 |  4.7
Armour         | 4 |  4.7
Shields        | 4 |  4.6

Action                   |  1- 3 |  4- 6 || total
-------------------------+-------+-------++-------
Melee: Flail             |    73 |   170 ||   243
  Use: Scroll            |     1 |       ||     1
       Potion            |       |     1 ||     1
Armor: Scale mail        |    10 |       ||    10
       Chain mail        |    36 |   125 ||   161
Dodge: Dodged            |    20 |    37 ||    57
Block: Kite shield       |    46 |   117 ||   163

Table legend: (Time is in decaauts)
 A = Elapsed time spent in this place.
 B = Non-inter-level travel time spent in this place.
 C = Inter-level travel time spent in this place.
 D = Time resting spent in this place.
 E = Time spent auto-exploring this place.
 F = Levels seen in this place.
 G = Mean time per level.
                   A        B        C        D        E       F      G
               +--------+--------+--------+--------+--------+-----+--------+
         Total |   2691 |   2604 |     87 |    420 |   1147 |   3 |  897.0 |
       Dungeon |   2691 |   2604 |     87 |    420 |   1147 |   3 |  897.0 |
               +--------+--------+--------+--------+--------+-----+--------+

Top non-repeatable levels by time:
     D:3: 1201 daAuts
     D:2: 917 daAuts
     D:1: 572 daAuts
